Buddha, chaotic male human Monk --------- --------------- ######|.......-#############` `########..............| # |...{...| # |.............| ### |....>...#### ------- ##-%..(.........| --------- # ------.-- # |<....| # |.............| |%.m@%d.|### # ##-......############--------------- |?=./?@.-# ### |.....| # ####### |=()).[.|# # |.....| ### # ---------### ### |.....| # ### # # |.....|####### # ### ### ------- ### # # # ---- ### ## ### |..| # -.------- # |..| ##........| ##-..| |..>....-# ---- |.......| --------- Buddha the Novice Experience level: 3 Strength: 18/01 Dexterity: 13 Constitution: 9 Intelligence: 9 Wisdom: 16 Charisma: 9 Health: 0(28) Energy: 19(19) Def: 8 Gold: 0 Moves: 800 Dungeon seed: o-qcsdmRB9ggKabD Game ID: Buddha_1517518992 Your Inventory: Amulets t - a cursed amulet of strangulation Weapons m - a cursed +0 arrow o - a +0 dagger (alternate weapon; not wielded) Armor e - an uncursed +2 pair of leather gloves (being worn) n - an uncursed +1 robe (being worn) q - an uncursed +1 orcish helm (being worn) Comestibles f - 3 uncursed food rations g - 5 uncursed apples h - 5 uncursed oranges i - 4 uncursed fortune cookies v - an uncursed food ration Scrolls b - an uncursed scroll of destroy armor p - an uncursed scroll of amnesia s - an uncursed scroll of remove curse u - a blessed scroll of identify Spellbooks a - a blessed spellbook of sleep Potions c - 2 uncursed potions of healing d - a blessed potion of healing l - a cursed potion of confusion Wands k - a cursed wand of striking (0:4) Tools j - a magic marker (0:76) Gems r - 2 uncursed worthless pieces of violet glass Spells and supernatural/magical abilities: Name Level Category Fail Memory z - sleep 1 enchantment 0% 97% W - pray for help -- divine ? -- Your skills at the end: Fighting Skills martial arts [Basic] Weapon Skills Spellcasting Skills healing spells [Basic] Final Attributes: You were piously aligned. You were sleep resistant. You were poison resistant. You saw invisible. You were held by a giant mimic. You were fast. You were lucky. You are dead. Vanquished creatures: a hobbit a large kobold a giant rat a yellow mold 2 geckos 2 jackals 2 goblins 2 sewer rats 4 lichens 3 newts 19 creatures vanquished. Voluntary challenges: You followed a strict vegan diet. You were an atheist. You never hit with a wielded weapon. You read items or engraved 1 time, starting on turn 77. You never genocided any monsters. You never polymorphed an object. You never changed form. You used no wishes. You never split a pudding. You wrote Elbereth's name 1 time, starting on turn 77. You never violated your personal moral code. Dungeon overview: The Dungeons of Doom: levels 1 to 4 Level 1 a fountain a long staircase Level 2 Level 3 <- You were here a general store, a fountain stairs to The Gnomish Mines Level 4 The Gnomish Mines: Level 4 stairs to The Dungeons of Doom History has recorded: On T:1 you entered the Dungeons of Doom to retrieve the Amulet of Yendor! On T:210 you reached level 2 of The Dungeons of Doom. On T:239 you advanced to experience level 2. On T:250 you reached level 3 of The Dungeons of Doom. On T:614 you advanced to experience level 3. On T:665 you reached level 4 of The Dungeons of Doom. On T:725 you reached level 1 of The Gnomish Mines. Score breakdown: Gold: 0 ( 0 points) Experience: 3 levels ( 7878 points) Exploration: 4 levels ( 8.16%) ( 7500 points) Discoveries: 2 items ( 0.71%) ( 2535 points) Valuables value: (no points given unless you survive) Artifact value: 0 ( 0 points) Variety of kills: 10 monsters ( 2.62%) ( 4860 points) Turncount: 800 turns ( 0 points) Survival: died (score multiplied by 80%) Total score: 18218 Latest messages: "For you, honored sir; only 26 for this scroll of identify." u - a scroll of identify (unpaid, 26 zorkmids). Ascended One picks up a crossbow. Ascended One eats a tripe ration. Ascended One drops a crossbow. You see here a scroll labeled GARVEN DEH (106 zorkmids). Ascended One eats a tripe ration. You see here a coral ring (177 zorkmids). Ascended One picks up a crossbow. You see here a lock pick (26 zorkmids). You see here a food ration (60 zorkmids). "For you, good sir; only 60 for this food ration." v - a food ration (unpaid, 60 zorkmids). Ascended One drops a crossbow. You see here a long sword (20 zorkmids). You see here a crossbow (53 zorkmids). You stop. Ascended One is in the way! You see here a long wand (266 zorkmids). You stop. Ascended One is in the way! You see here a bronze spellbook (354 zorkmids). Wait! That's a giant mimic! You cannot escape from the giant mimic! (3x) The giant mimic hits! (2x) You die... Manlobbi comes and takes all your possessions. Final status: Goodbye Buddha the Monk, killed by a giant mimic... You died in The Dungeons of Doom on dungeon level 3 with 18218 points, and 0 pieces of gold, after 800 moves. You were level 3 with a maximum of 28 hit points when you died.